 Dungeon Crawl Stone Soup version 0.30-a0-737-gf23d94013f (webtiles) character file.

Game seed: 15267813612247621089

5788 jimonade the Covert (level 10, -7/51 HPs)
             Began as a Vine Stalker Brigand on Feb 1, 2023.
             Was the Champion of Uskayaw.
             Mangled by a wyvern (12 damage)
             ... on level 9 of the Dungeon.
             The game lasted 00:26:46 (7542 turns).

jimonade the Covert (Vine Stalker Brigand)          Turns: 7542, Time: 00:26:47

Health: -7/51      AC: 13    Str: 14    XL:     10   Next: 79%
Magic:  0/20       EV: 14    Int: 14    God:    Uskayaw [******]
Gold:   438        SH:  0    Dex: 20    Spells: 9/9 levels left

rFire   . . .      SeeInvis .    Q - +7 sceptre of Torment {pain, torment}
rCold   + . .      Faith    .    (no shield)
rNeg    . . .      Spirit   +    B - +3 leather armour {rC+}
rPois   +          Reflect  .    E - +0 helmet {Int+3}
rElec   .          Harm     .    t - +0 cloak
rCorr   .          Rampage  .    x - +0 pair of gloves
Will    +....                    q - +2 pair of boots {Fly}
Stlth   +++++                    (no amulet)
HPRegen 1.08/turn                k - ring of poison resistance
MPRegen 0.17/turn                G - ring of magical power

@: flying
A: fangs 3, regeneration 1, magic shield, antimagic bite, no potion heal 2
a: Renounce Religion, Stomp, Line Pass, Grand Finale


You were on level 9 of the Dungeon.
You worshipped Uskayaw.
Uskayaw was noncommittal.
You visited 2 branches of the dungeon, and saw 10 of its levels.
You also visited: Bailey.

You collected 438 gold pieces.

Inventory:

Hand Weapons
 a - a +6 dagger of freezing
 b - a +3 sling
 c - a +2 dagger
 F - a +0 dagger of draining
 Q - the +7 sceptre of Torment (weapon) {pain, torment}
   (You found it on level 7 of the Dungeon)
 S - a +1 whip of venom
 W - a +0 dagger of venom
Missiles
 d - 14 poisoned darts (quivered)
 e - 4 curare-tipped darts
 n - 5 boomerangs
Armour
 q - a +2 pair of boots of flying (worn)
 r - a +0 ring mail
 s - a +0 robe
 t - a +0 cloak (worn)
 x - a +0 pair of gloves (worn)
 y - a +0 leather armour
 B - a +3 leather armour of cold resistance (worn)
 E - a +0 helmet of intelligence (worn)
 T - +0 steam dragon scales
Jewellery
 k - a ring of poison resistance (left hand)
 G - a ring of magical power (right hand)
Wands
 A - a wand of charming (8)
 D - a wand of roots (20)
 V - a wand of digging (6)
Scrolls
 g - a scroll of silence
 h - a scroll of blinking
 j - 5 scrolls of identify
 l - a scroll of amnesia
 o - 3 scrolls of teleportation
 v - 3 scrolls of enchant armour
 I - a scroll of magic mapping {unknown}
 U - a scroll of enchant weapon
Potions
 f - 2 potions of lignification {unknown}
 i - 5 potions of might {unknown}
 m - 7 potions of mutation {unknown}
 p - a potion of flight {unknown}
 u - 6 potions of cancellation {unknown}
 w - 3 potions of curing {unknown}
 C - 4 potions of attraction {unknown}
 H - a potion of resistance {unknown}
 K - 2 potions of magic {unknown}
 L - a potion of brilliance {unknown}
 M - a potion of invisibility {unknown}
 N - a potion of heal wounds {unknown}
 O - a potion of experience
 P - 3 potions of haste {unknown}


   Skills:
 + Level 4.5 Fighting
 - Level 8.3 Short Blades
 * Level 6.0 Maces & Flails
 + Level 2.2 Throwing
 + Level 3.7 Armour
 + Level 4.3 Dodging
 + Level 10.6 Stealth


You had 9 spell levels left.
You didn't know any spells.
Your spell library contained the following spells:

 Spells                   Type           Power      Damage    Failure   Level
 Sandblast                Erth           0%         2d4       34%         1
 Passwall                 Tmut/Erth      0%         N/A       47%         2
 Call Canine Familiar     Summ           0%         N/A       71%         3
 Portal Projectile        Hex/Tloc       0%         N/A       71%         3
 Stone Arrow              Conj/Erth      0%         3d7       71%         3
 Leda's Liquefaction      Hex/Erth       0%         N/A       98%         4
 Conjure Ball Lightning   Conj/Air       0%         3x3d6     100%        6
 Discord                  Hex            0%         N/A       100%        8
 Disjunction              Tloc           0%         N/A       100%        8


Dungeon Overview and Level Annotations

Branches:
Dungeon (9/15)             Temple (1/1) D:6            Lair (0/5) D:9
 Bailey (visited)
    Orc: D:9-12

Altars:
Ashenzari
Dithmenos
Elyvilon
Gozag
Hepliaklqana
Kikubaaqudgha
Makhleb
Okawaru
Qazlal
Sif Muna
Trog
Uskayaw
Vehumet
Wu Jian
Yredelemnul
Zin
Lugonu

Shops:
D:2 (   D:5 **!*

Annotations:
D:2 Terence


Innate Abilities, Weirdness & Mutations

You have razor-sharp teeth.
Your natural rate of healing is unusually fast.
When hurt, damage is shared between your health and your magic reserves.
Your bite disrupts and absorbs the magic of your enemies.
Potions cannot restore your health.


Message History

The wyvern is heavily wounded.
The wyvern bites you.
The wyvern bites you but does no damage.
The wyvern closely misses you.
You thump Erolcha! You bite Erolcha, but do no damage.
Erolcha is severely wounded.
The wyvern barely misses you.
The wyvern bites you but does no damage. x2
Erolcha closely misses you. The yak gores you. The wyvern bites you!
You puncture Erolcha!
Erolcha is almost dead.
The wyvern barely misses you. The yak gores you but does no damage.
The wyvern barely misses you. The wyvern bites you!
Erolcha completely misses you. The yak completely misses you.
You hit Erolcha.
Erolcha is almost dead.
The wyvern misses you. The wyvern barely misses you. The wyvern misses you.
The wyvern closely misses you. Erolcha hits you with a +0 giant club.
* * * LOW HITPOINT WARNING * * *
The yak barely misses you.
You barely miss Erolcha. You bite Erolcha, but do no damage.
Erolcha is almost dead.
The wyvern completely misses you. The wyvern closely misses you. x2
The yak misses you. The wyvern closely misses you.
Erolcha points at you and mumbles some strange words.
You easily resist.
You hit Erolcha.
You kill Erolcha!
The wyvern bites you!
* * * LOW HITPOINT WARNING * * *
The wyvern bites you. The yak barely misses you. The wyvern misses you.
The wyvern completely misses you.
Your Maces & Flails skill increases to level 6!
You are too injured to fight recklessly!
You hit the wyvern.
The wyvern is heavily wounded.
The wyvern misses you. The wyvern bites you. The yak gores you!
* * * LOW HITPOINT WARNING * * *
The wyvern bites you!
You die...

..... ...#
#.#......P.... ..#
#............. # #.##
#.....P....... # #..##
#.....P.....>. ####...##
#..........P..
##......###....P†.....P.
##.......#......l)P....P
................@l.P....
...####..........Y.P....
...###...........#...P..
#####...#...............
####..####.............#
##...## #..............
##.### #....#####......
#### ....## ...... ...##


You could see a yak and 2 wyverns.

Vanquished Creatures
  Erolcha (D:9)
  A two-headed ogre (D:8)
  An orc knight (Bailey)
  Prince Ribbit (D:7)
  Sigmund (D:2)
  4 yaks (D:9)
  A basilisk (D:9)
  A steam dragon (D:7)
  2 orc warriors
  4 water moccasins
  4 black bears
  An ice beast (D:7)
  2 centaurs (D:7)
  2 phantoms (D:5)
  6 bullfrogs
  A necrophage (D:6)
  A kobold brigand (D:8)
  2 scorpions
  A bullfrog zombie (D:5)
  3 orc priests
  Crazy Yiuf (D:7)
  2 hounds
  4 jellies
  Jessica (D:2)
  3 iguanas
  5 orc wizards
  A scorpion zombie (D:5)
  2 hound zombies (D:5)
  Robin (D:3)
  13 gnolls
  6 adders
  A shadow imp (D:7)
  A white imp (D:7)
  2 adder zombies (D:5)
  2 worms
  A dart slug (D:4)
  41 orcs
  13 ball pythons
  5 bats
  3 endoplasms
  3 giant cockroaches
  13 goblins
  7 hobgoblins
  7 jackals
  7 quokkas
  3 frilled lizards
  14 kobolds
  9 rats
211 creatures vanquished.

Vanquished Creatures (others)
  A gnoll (Bailey)
  9 plants
10 creatures vanquished.

Grand Total: 221 creatures vanquished

Notes
Turn   | Place    | Note
-------+----------+-------------------------------------------
     0 | D:1      | jimonade the Vine Stalker Brigand began the quest for the
                  | Orb.
     0 | D:1      | Reached XP level 1. HP: 11/11 MP: 2/2
    47 | D:1      | Reached skill level 5 in Stealth
   131 | D:1      | Reached XP level 2. HP: 15/15 MP: 3/3
   573 | D:1      | Reached XP level 3. HP: 16/18 MP: 2/4
  1100 | D:2      | Noticed Jessica
  1130 | D:2      | Killed Jessica
  1131 | D:2      | Gained mutation: Your natural rate of healing is unusually
                  | fast. [Vine Stalker growth]
  1131 | D:2      | Reached XP level 4. HP: 15/23 MP: 3/5
  1174 | D:2      | Found Fohul's Weapon Emporium.
  1253 | D:2      | Noticed Sigmund
  1309 | D:2      | Killed Sigmund
  1310 | D:2      | Reached skill level 1 in Dodging
  1310 | D:2      | Reached skill level 6 in Stealth
  1310 | D:2      | Reached XP level 5. HP: 8/27 MP: 6/6
  1310 | D:2      | Reached XP level 6. HP: 9/32 MP: 7/7
  1458 | D:2      | Noticed Terence
  2032 | D:3      | Found a shimmering blue altar of Sif Muna.
  2597 | D:3      | Noticed Robin
  2604 | D:3      | Killed Robin
  3646 | D:5      | Entered Level 5 of the Dungeon
  3654 | D:5      | Found Vesh's General Store.
  3668 | D:5      | Noticed a black bear
  3682 | D:5      | Killed a black bear
  3683 | D:5      | Reached skill level 7 in Stealth
  3683 | D:5      | Reached XP level 7. HP: 35/35 MP: 8/8
  3747 | D:5      | Reached skill level 5 in Short Blades
  3799 | D:5      | Found Netuh's Distillery.
  3953 | D:5      | Found a basalt altar of Yredelemnul.
  4046 | D:5      | Gained mutation: You have razor-sharp teeth. [Vine Stalker
                  | growth]
  4046 | D:5      | Reached XP level 8. HP: 39/39 MP: 9/9
  4053 | D:5      | Reached skill level 8 in Stealth
  4098 | D:5      | Found Jounaet's Assorted Antiques.
  4167 | D:5      | Found Eppixkus's Assorted Antiques.
  4309 | D:6      | Found an ancient bone altar of Kikubaaqudgha.
  4405 | D:6      | Found a bloodstained altar of Trog.
  4428 | D:6      | Reached skill level 1 in Armour
  4685 | D:6      | Found a staircase to the Ecumenical Temple.
  5132 | D:7      | Noticed Prince Ribbit
  5149 | D:7      | Killed Prince Ribbit
  5150 | D:7      | Reached skill level 9 in Stealth
  5150 | D:7      | Reached XP level 9. HP: 44/44 MP: 10/10
  5161 | D:7      | Found an iron altar of Okawaru.
  5552 | D:7      | Found a glowing silver altar of Zin.
  5660 | D:7      | Found a flagged portal.
  5669 | Bailey   | Entered a bailey
  5916 | Bailey   | Noticed an orc knight
  5949 | Bailey   | Killed an orc knight
  6380 | D:7      | Found a runed translucent door.
  6380 | D:7      | Found the +7 sceptre of Torment {pain, torment}
  6381 | D:7      | Noticed Crazy Yiuf
  6495 | D:7      | Found a hazy altar of Hepliaklqana.
  6572 | D:7      | Killed Crazy Yiuf
  6573 | D:7      | Reached skill level 10 in Stealth
  6639 | Temple   | Entered the Ecumenical Temple
  6906 | D:8      | Reached skill level 1 in Maces & Flails
  7077 | D:8      | Noticed a two-headed ogre
  7086 | D:8      | Killed a two-headed ogre
  7087 | D:8      | Reached XP level 10. HP: 34/49 MP: 11/11
  7348 | D:8      | Found a hide-covered altar of Uskayaw.
  7361 | D:8      | Became a worshipper of Uskayaw the Reveller
  7378 | D:8      | Reached * piety under Uskayaw
  7483 | D:9      | Reached ** piety under Uskayaw
  7522 | D:9      | Found a staircase to the Lair.
  7525 | D:9      | Reached *** piety under Uskayaw
  7528 | D:9      | Reached **** piety under Uskayaw
  7529 | D:9      | Reached ***** piety under Uskayaw
  7531 | D:9      | Noticed Erolcha
  7535 | D:9      | Reached skill level 5 in Maces & Flails
  7538 | D:9      | Reached ****** piety under Uskayaw
  7541 | D:9      | Killed Erolcha
  7542 | D:9      | Mangled by a wyvern

Illustrated notes

Levels and vault maps discovered:
D:1:      shiori_arrival_maze, layout_loops_corners, nicolae_grassy_gnolls
D:2:      kb_forest_paths, layout_loops_ring, serial_shops, shop,
          minmay_pentomino_r2, uniq_jessica, uniq_sigmund, uniq_terence
D:3:      layout_basic, nicolae_sif_muna_condensation, uniq_robin
D:4:      layout_basic
D:5:      layout_cave_pools, nicolae_yredelemnul_corpse_copse, serial_bayou,
          serial_bayou_crossing, serial_bayou_ford_a, serial_bayou_pond_b,
          serial_bayou_pond_a, serial_shops, nicolae_take_the_stairs,
          kennysheep_mini, shop, nicolae_shop_stone
D:6:      layout_loops_cross, nicolae_kikubaaqudgha_miasma_corner,
          trog_ov_bears_minmay, minmay_temple_entry_drinking_statues
D:7:      layout_basic, mainiacjoe_overflow_brackets,
          kennysheep_okawaru_gauntlet, nicolae_hepliaklqana_hippocampus,
          serial_aquarium, aquarium_bridge_island_small
          [aquarium_subvault_small_open, aquarium_subvault_bridge,
          aquarium_subvault_wall, aquarium_subvault_balcony,
          aquarium_subvault_wall], aquarium_window_fake, aquarium_window_2,
          aquarium_window_1, aquarium_window_2, aquarium_view_2e,
          enter_bailey_2, uniq_prince_ribbit1, uniq_crazy_yiuf_cottage
D:8:      layout_cave_pools, nicolae_uskayaw_dance_studio,
          minmay_misc_feat_square
D:9:      layout_layer_cave, kb_xom_exploding_sheep, general_overflow_altar,
          minmay_lair_entry_grove, serial_shops, nicolae_shop_stone,
          nicolae_elevator_lobby_plus, uniq_erolcha
Temple:   corrupted_temple

Skill      XL: |  1  2  3  4  5  6  7  8  9 10 |
---------------+-------------------------------+-----
Stealth        | 5 6 7 9 10 | 10.6
Short Blades   | 2 4 5 7 8 |  8.3
Fighting       | 2 3 4 |  4.5
Dodging        | 1 2 3 4 |  4.3
Armour         | 1 3 |  3.7
Throwing       | 2 |  2.2
Maces & Flails | 2 6 |  6.0

Action                     |  1- 3 |  4- 6 |  7- 9 | 10-12 || total
---------------------------+-------+-------+-------+-------++-------
  Melee: Dagger            |    85 |   158 |   266 |       ||   509
         Bite              |    17 |    17 |    92 |     5 ||   131
         Punch             |     1 |     4 |     5 |       ||    10
         Eveningstar       |       |       |    35 |    36 ||    71
  Throw: Dart              |       |       |     4 |       ||     4
  Evoke: Wand              |       |       |     1 |       ||     1
    Use: Scroll            |       |    11 |     1 |       ||    12
   Stab: Sleeping          |     9 |    17 |    23 |     1 ||    50
         Distracted        |       |     1 |       |       ||     1
         Paralysed         |       |       |       |     1 ||     1
 Armour: Robe              |    12 |    30 |       |       ||    42
         Leather armour    |       |       |   118 |    18 ||   136
  Dodge: Dodged            |    40 |    45 |   181 |    49 ||   315

Table legend: (Time is in decaauts)
 A = Elapsed time spent in this place.
 B = Non-inter-level travel time spent in this place.
 C = Inter-level travel time spent in this place.
 D = Time resting spent in this place.
 E = Time spent auto-exploring this place.
 F = Levels seen in this place.
 G = Mean time per level.
                   A        B        C        D        E       F      G
               +--------+--------+--------+--------+--------+-----+--------+
         Total |   7407 |   6779 |    628 |    204 |   4746 |  11 |  673.4 |
       Dungeon |   6924 |   6306 |    618 |    204 |   4532 |   9 |  769.3 |
        Temple |     49 |     40 |      9 |      0 |     30 |   1 |   49.0 |
        Bailey |    433 |    433 |      0 |      0 |    184 |   1 |  433.0 |
               +--------+--------+--------+--------+--------+-----+--------+

Top non-repeatable levels by time:
     D:1: 1113 daAuts
     D:7: 1050 daAuts
     D:6: 947 daAuts
     D:4: 860 daAuts
     D:2: 828 daAuts
     D:3: 767 daAuts
     D:5: 666 daAuts
     D:8: 604 daAuts
  Bailey: 433 daAuts
     D:9: 85 daAuts
  Temple: 49 daAuts
